[Event "Karel Janecek Open 2024"]
[Site "Prague"]
[Date "2024.02.29"]
[Round "2.13"]
[White "Maksimovic, Bojan"]
[Black "Kanakova, Natalie"]
[Result "1-0"]
[ECO "C13"]
[WhiteElo "2497"]
[BlackElo "2169"]
[Annotator "TA"]
[PlyCount "127"]
[EventDate "2024.02.22"]
[EventType "swiss"]
[EventCountry "CZE"]
[SourceTitle "playchess.com"]
[Source "ChessBase"]
[SourceQuality "1"]
[TimeControl "40/5400+30:1800+30"]

1. e4 e6 2. d4 d5 3. Nc3 dxe4 4. Nxe4 Nd7 5. Nf3 Ngf6 6. Bg5 Be7 7. Nxf6+ Bxf6 8. h4 c5 9. Qd2 {[%emt 0:01:38] 9.dxc5 might become the main line.} h6 10. Bxf6 Qxf6 11. O-O-O {[%emt 0:00:57] C13: French: Classical System: 4 Bg5 Be7, Alekhine-Chatard Attack.} O-O 12. Qe3 cxd4 13. Nxd4 $146 ({Predecessor:} 13. Rxd4 Nb6 14. Bd3 Rd8 15. Rxd8+ Qxd8 16. Rd1 Qf6 17. Qe4 e5 18. Qxe5 Qxe5 19. Nxe5 {1-0 Hector,J (2511)-Reimanis,R (2206) Deltalift op 2014 (6)}) 13... Ne5 14. Be2 Ng6 15. g3 Bd7 16. Bf3 Ne5 17. Rhe1 Nxf3 18. Nxf3 Rfd8 19. Ne5 Be8 20. Rxd8 Qxd8 21. Rd1 Qc7 22. f4 Rc8 23. c3 Qa5 24. a3 Ba4 25. Rd4 Rd8 26. Nc4 Rxd4 27. Qxd4 Qf5 28. Ne3 $1 Qa5 29. b4 Qc7 30. c4 a5 31. Kb2 axb4 32. axb4 Be8 33. b5 f6 34. Kb3 $1 Qa5 35. Qd6 (35. Nd1 $16) 35... Kf7 $2 (35... Qe1 $11 36. Qxe6+ Bf7) 36. f5 $18 exf5 37. Qd5+ (37. Nxf5 Qe1 38. Qc7+ Kg6 $16) 37... Kf8 38. Qc5+ $1 (38. Nxf5 Qe1 $14) 38... Kg8 {[%emt 0:01:03] [#]} 39. Qe7 $1 (39. Nxf5 Qa1 $11) (39. Qxf5 Qe1 40. Qf4 Bf7 $11) 39... Bf7 40. Qxb7 Qe1 41. Qb8+ (41. Nxf5 $2 Qb1+ 42. Kc3 Qc1+ (42... Qxf5 $2 43. Qc7 $19) 43. Kb4 (43. Kd4 $2 Qxc4+ 44. Ke3 Qc3+ 45. Kf2 Qc2+ 46. Ke3 Qxf5 $19) 43... Qxc4+ (43... Bxc4 44. Qxg7#) (43... Qb1+ 44. Ka5 $17) 44. Ka5 Qa2+ 45. Kb6 Qf2+ 46. Ka5 Qxf5 $19) 41... Kh7 42. Qf4 (42. Nxf5 $2 {perishes.} Qb1+ 43. Ka4 Qa2+ (43... Qxf5 $2 44. Qc7 $19) 44. Kb4 Qxc4+ (44... Qb1+ $2 45. Ka5 $17) 45. Ka5 Qa2+ 46. Kb4 Qd2+ 47. Kc5 Qc2+ 48. Kb6 Qxf5 $19) 42... Qb1+ (42... Be6 $142 43. h5 (43. Nxf5 $2 {is the wrong capture.} Qb1+ 44. Kc3 Bxf5 $19) 43... Bf7 44. Qxf5+ Kh8) 43. Ka4 $18 Qa2+ 44. Kb4 Qb2+ 45. Kc5 g5 $2 (45... Qa3+ 46. Kb6 Qd3 47. Qxf5+ (47. Nxf5 Bxc4 48. Qc7 Qxf5 $16) 47... Qxf5 48. Nxf5 Bxc4) 46. Qxf5+ $18 Kg7 47. Nd5 Qa3+ 48. Kb6 Bxd5 49. Qxd5 Qxg3 50. hxg5 Qb8+ 51. Ka6 Qc8+ 52. Ka5 fxg5 53. b6 g4 54. Qe5+ Kg6 55. Qc7 Qa8+ 56. Kb5 Qa3 57. b7 Qb3+ 58. Kc5 Qe3+ 59. Kc6 Qf3+ 60. Kc5 Qe3+ $1 {[%emt 0:00:32] [#]} 61. Kb4 $1 Qd2+ 62. Kb5 Qb2+ 63. Kc6 Qg2+ 64. Kd7 1-0

[Event "Karel Janecek Open 2024"]
[Site "Prague"]
[Date "2024.02.29"]
[Round "2.14"]
[White "Kratochvil, Vit"]
[Black "Quintiliano, Renato R."]
[Result "0-1"]
[ECO "B55"]
[WhiteElo "2177"]
[BlackElo "2493"]
[Annotator "TA"]
[PlyCount "76"]
[EventDate "2024.02.22"]
[EventType "swiss"]
[EventCountry "CZE"]
[SourceTitle "playchess.com"]
[Source "ChessBase"]
[SourceQuality "1"]
[TimeControl "40/5400+30:1800+30"]

1. e4 c5 2. Nf3 d6 3. d4 cxd4 4. Nxd4 Nf6 5. f3 e5 6. Nb3 d5 7. exd5 Nxd5 8. Bb5+ Nc6 9. Qe2 {[%emt 0:02:12] The position is equal.} Bd6 10. c4 Nde7 11. c5 Bc7 12. Nc3 O-O 13. Bg5 Be6 14. Rd1 Qc8 (14... Qe8 $5) 15. Bc4 Nf5 16. Nb5 Bb8 17. g4 {[%emt 0:13:41] [#] Strongly threatening Bxe6.} a6 $1 {[%emt 0:39:00] Black keeps a firm grip on the game.} 18. gxf5 (18. Nd6 $17 Bxd6 19. cxd6) 18... Bxc4 $19 (18... axb5 19. Bxe6 fxe6 20. f6 $15) 19. Qxc4 axb5 20. Qg4 (20. Qd3 {keeps fighting.}) 20... Ra4 (20... Rxa2 21. Bf6 g6 (21... Rxb2 22. Qxg7#) 22. Qg5 $18) 21. f4 (21. Qh3 $142 f6 (21... Rxa2 $2 22. Bf6 $18) 22. Be3) 21... exf4 22. Bf6 {[%emt 0:00:59][%csl Gf6][%cal Rg4g7] [#]} Re8+ (22... Rxa2 23. Qxg7#) 23. Kf1 $2 (23. Kf2 g6 (23... Rxa2 24. Qxg7#) 24. Rhe1) 23... g6 $1 (23... Rxa2 24. Qxg7#) 24. Rg1 Be5 {[%emt 0:00:00] And now ...f3 would win.} (24... Rxa2 25. Qh5 Re5 26. Qh6 $11) 25. Qg5 Bxf6 26. Qxf6 f3 {[%emt 0:00:00][%cal Oa4f4] aiming for ...Rf4!} 27. Rg3 Rf4 ({Not} 27... Rxa2 28. fxg6 fxg6 (28... hxg6 29. Rxg6+ fxg6 30. Qxg6+ Kf8 31. Qf6+ Kg8 32. Qg6+ Kf8 33. Qf6+ Kg8 34. Qg6+ $11) 29. Rxg6+ hxg6 30. Qxg6+ Kf8 31. Qh6+ Kf7 32. Qf4+ Kg6 33. Rd6+ Re6 34. Qe4+ Kf7 35. Qf5+ Ke7 36. Qg5+ Kf8 37. Qf5+ Ke7 38. Qg5+ Kf7 39. Qf5+ Ke7 $11) 28. Rd5 f2 29. Nd2 Re1+ {[%emt 0:00:00] Black is clearly winning.} 30. Kg2 Rg1+ (30... Qe8 $142 31. Re5 Nxe5 (31... Qxe5 $2 32. Qxe5 Rg1+ 33. Kh3 $19)) 31. Kh3 f1=Q+ 32. Nxf1 Rgxf1 33. Rgd3 R1f3+ 34. Rxf3 Rxf3+ 35. Kg4 Rxf5 36. Rxf5 Qxf5+ 37. Qxf5 gxf5+ 38. Kxf5 Kg7 {[%emt 0:01:28] Weighted Error Value: White=1.20/Black=0.57.  Mistake:       	White=4     	---        Inaccurate:     	White=3     	Black=1      OK:         	White=5     	Black=7      Best:        	---       	Black=2      Strong:       	---       	Black=2} 0-1

[Event "Karel Janecek Open 2024"]
[Site "Prague"]
[Date "2024.02.29"]
[Round "2.15"]
[White "Sahithi Varshini M"]
[Black "Csonka, Balasz"]
[Result "1/2-1/2"]
[ECO "B32"]
[WhiteElo "2173"]
[BlackElo "2480"]
[Annotator "RC"]
[PlyCount "98"]
[EventDate "2024.02.22"]
[EventType "swiss"]
[EventCountry "CZE"]
[SourceTitle "playchess.com"]
[Source "ChessBase"]
[SourceQuality "1"]
[TimeControl "40/5400+30:1800+30"]

1. e4 c5 2. Nf3 Nc6 3. d4 cxd4 4. Nxd4 e5 5. Nb5 d6 6. c4 Be6 7. Be3 Nf6 8. f3 a6 9. N5c3 g6 10. Nd2 Bg7 11. Nb3 O-O 12. Be2 Nh5 13. O-O Nf4 14. Nd5 Qg5 15. g3 Nxe2+ 16. Qxe2 Qh5 17. Nc7 Rac8 18. Bb6 Nd4 19. Qd3 Bh3 20. Rf2 f5 21. Nxd4 exd4 22. Nd5 fxe4 23. Qxe4 Rce8 24. Nf4 Rxe4 25. Nxh5 Re7 26. Nxg7 Rxg7 27. Bxd4 Rgf7 28. f4 Re8 29. Rd2 Re4 30. b3 Rd7 31. a4 Kf7 32. Kf2 h5 33. Re1 Rxe1 34. Kxe1 Bg4 35. Bb6 Re7+ 36. Kf2 Re6 37. Be3 Ke7 38. Bd4 Kd7 39. Bb2 Kc6 40. Ba3 Bf5 41. a5 Be4 42. Bb2 Bf5 43. Bd4 Re4 44. Ba7 Be6 45. Re2 Rxe2+ 46. Kxe2 d5 47. Kd3 dxc4+ 48. bxc4 Kd6 49. Kd4 Bd7 1/2-1/2

[Event "Karel Janecek Open 2024"]
[Site "Prague"]
[Date "2024.02.29"]
[Round "2.16"]
[White "Stoyanov, Tsvetan"]
[Black "Mohylnyi, Stepan"]
[Result "1-0"]
[ECO "A16"]
[WhiteElo "2465"]
[BlackElo "2180"]
[Annotator "TA"]
[PlyCount "51"]
[EventDate "2024.02.22"]
[EventType "swiss"]
[EventCountry "CZE"]
[SourceTitle "playchess.com"]
[Source "ChessBase"]
[SourceQuality "1"]
[TimeControl "40/5400+30:1800+30"]

1. c4 Nf6 2. Nc3 d5 3. cxd5 Nxd5 4. Nf3 g6 5. h4 h6 6. e4 Nxc3 7. bxc3 Bg7 8. d4 {[%emt 0:02:22] White is slightly better.} c5 9. Be2 (9. dxc5 Qa5 (9... Bxc3+ 10. Bd2 $14) 10. Bd2 O-O $15 (10... Qxc5 11. Be2 $11) (10... Bxc3 11. Rc1 $11)) 9... cxd4 (9... Nc6 $11) 10. cxd4 $14 Nc6 11. Be3 O-O {[%emt 0:18:26] [#]} 12. d5 $1 Nb4 {[%emt 0:17:41] [#]} (12... Na5 13. Rc1) 13. Bd4 {[%emt 0:01:40] Black must now prevent Bxg7.} Qa5 (13... e5 $14 14. Bc3 (14. Bxe5 Bxe5 15. Nxe5 Qf6 $15) (14. Nxe5 Qe7 $14) 14... a5) 14. O-O $18 f5 (14... Bxd4 $142 15. Nxd4 (15. Qxd4 Nc2 $17) 15... Na6) 15. Ne5 $2 (15. Rb1 $18 {has better winning chances.} Nxa2 16. d6 (16. Bxg7 Kxg7 17. Qd4+ Rf6 $18)) 15... Bxe5 16. Bxe5 fxe4 17. Bc4 ({White should play} 17. Rc1 $18 {Qd2 would now be deadly.} Nd3 18. Bxd3 exd3 19. Rxc8 (19. Qxd3 Bf5 $18) 19... Raxc8 20. Qg4) 17... Kh7 {[%emt 0:06:32] [#]} (17... Nd3 $16 {keeps fighting.} 18. d6+ (18. Bxd3 Qxd5 19. Bxe4 Qxe5 $14) 18... e6) 18. Qe1 $1 Qa3 19. Qxe4 {[%emt 0:04:49] Strongly threatening Bd4.} Bf5 20. Qe2 {[%emt 0:00:10] And now Bb2 would win.} Na6 $2 (20... Nd3 21. Bd4 e5 22. dxe6 (22. Bxe5 Nxe5 23. Qxe5 Rae8 $18) 22... Qd6) 21. Rfe1 {[%emt 0:02:06][%cal Bf1e1,Be1e7,Be7g7,Bg7c7][%mdl 32] Threatens to win with Bb2.} Rac8 22. Bb2 {[%emt 0:01:01] A strong pair of Bishops.} Qd6 23. Qxe7+ Qxe7 24. Rxe7+ Kg8 25. Rg7+ Kh8 26. Rc7+ {[%emt 0:00:09] Weighted Error Value: White=0.20 (precise) /Black=0.88.  Missed win:     	White=1     	---        Mistake:       	White=1     	Black=5      Inaccurate:     	White=1     	Black=2      OK:         	White=6     	Black=4      Best:        	White=3     	Black=2      Strong:       	White=1     	---} 1-0

[Event "Karel Janecek Open 2024"]
[Site "Prague"]
[Date "2024.02.29"]
[Round "2.17"]
[White "Barbosa, Evandro Amorim"]
[Black "Belenkaya, Dina"]
[Result "1-0"]
[ECO "B12"]
[WhiteElo "2491"]
[BlackElo "2202"]
[Annotator "TA"]
[PlyCount "69"]
[EventDate "2024.02.22"]
[EventType "swiss"]
[EventCountry "CZE"]
[SourceTitle "playchess.com"]
[Source "ChessBase"]
[SourceQuality "1"]
[TimeControl "40/5400+30:1800+30"]

1. e4 c6 2. d4 d5 3. e5 Bf5 4. h4 h5 5. Bd3 Bxd3 6. Qxd3 Qa5+ 7. Nd2 e6 8. Ngf3 {[%emt 0:00:24] The position is equal.} Nh6 9. O-O Nf5 10. a4 Qa6 11. c4 c5 12. Qb1 {[%emt 0:24:48] aiming for cxd5.} Nc6 (12... dxc4 $14 13. d5 g6) 13. dxc5 (13. cxd5 $16 Ncxd4 14. d6) 13... Bxc5 $2 {[%emt 0:09:05] This costs Black the game.} (13... dxc4 $14 14. Ne4 O-O-O) 14. cxd5 Nb4 (14... Ncd4 $142) 15. Ne4 $18 Rc8 16. d6 {[%emt 0:00:49] Strongly threatening Rd1.} Kd7 (16... Qe2 {might work better.} 17. Re1 Qc2) 17. Bd2 Qb6 18. a5 Qb5 19. Qd1 {[%emt 0:02:29] Qb3 is the strong threat.} Nd3 20. Bc3 a6 21. Qd2 {[%emt 0:06:04] Rad1 would now be deadly.} Ba7 22. Rad1 Nc5 23. Nxc5+ Qxc5 24. Qf4 {[%emt 0:05:23] And now Nd4 would win.} ({Less strong is} 24. Ng5 Qb5 25. Qf4 (25. Nxf7 Rhf8 $14) 25... Qe2 $18) 24... Qc4 25. Bd4 Rhe8 (25... Qb4 $142 26. Rfe1 Rhf8) 26. g3 Bxd4 27. Nxd4 Qb4 {[%emt 0:01:06] [#]} (27... Rc6 $142 28. Nxc6 Qxf4 29. Nb8+ (29. gxf4 bxc6 30. Rc1 Nd4 $18) 29... Rxb8 30. gxf4 f6) 28. Qf3 $1 g6 {[%emt 0:00:18] [#]} (28... Nxd4 29. Qxf7+) 29. Rd3 $1 Rc5 (29... Kd8 30. Nxf5) 30. Rb3 Qxd4 31. Qxb7+ {[%emt 0:00:08] White mates.} Kd8 32. Qb6+ Kd7 33. Qa7+ Kd8 34. Rb8+ Rc8 35. Qc7# {[%emt 0:00:06] Weighted Error Value: White=0.21 (precise) /Black=0.55.  Mistake:       	White=1     	Black=6      Inaccurate:     	White=1     	Black=2      OK:         	White=7     	Black=8      Best:        	White=3     	---} 1-0

[Event "Karel Janecek Open 2024"]
[Site "Prague"]
[Date "2024.02.29"]
[Round "2.18"]
[White "Botez, Alexandra"]
[Black "Milner, Romi"]
[Result "1/2-1/2"]
[ECO "D41"]
[WhiteElo "1977"]
[BlackElo "1710"]
[Annotator "RC"]
[PlyCount "93"]
[EventDate "2024.02.22"]
[EventType "swiss"]
[EventCountry "CZE"]
[SourceTitle "playchess.com"]
[Source "ChessBase"]
[SourceQuality "1"]
[TimeControl "40/5400+30:1800+30"]

1. d4 d5 2. c4 e6 3. Nc3 Nf6 4. cxd5 Nxd5 5. e4 Nxc3 6. bxc3 c5 7. Nf3 cxd4 8. cxd4 Bb4+ 9. Bd2 Bxd2+ 10. Qxd2 O-O 11. Bc4 Nd7 12. O-O b6 13. d5 exd5 14. exd5 Bb7 15. Rfe1 Nf6 16. Rad1 Rc8 17. Bb3 Rc5 18. d6 Bd5 19. Qf4 Bxb3 20. axb3 Nd5 21. Qh4 Qxh4 22. Nxh4 Nc3 23. Rd2 Ne4 24. Rd4 Nf6 25. g4 Rd5 26. Rxd5 Nxd5 27. Re5 Nf6 28. Re7 Nxg4 29. Rxa7 Rd8 30. h3 Nf6 31. Nf5 g6 32. Nh6+ Kg7 33. Nxf7 Rd7 34. Rxd7 Nxd7 35. Ng5 h6 36. Ne4 Kf7 37. f3 Nc5 38. b4 Nb7 39. Kf2 Ke6 40. Ke3 Nxd6 41. Nxd6 Kxd6 42. Kd4 g5 43. b5 h5 44. Ke4 Ke6 45. Kd4 Kd6 46. Ke4 Ke6 47. Kd4 1/2-1/2

[Event "Karel Janecek Open 2024"]
[Site "Prague"]
[Date "2024.02.29"]
[Round "2.19"]
[White "Botez, Andrea"]
[Black "Bezeyko, Olexander"]
[Result "1/2-1/2"]
[ECO "D00"]
[WhiteElo "1709"]
[BlackElo "1851"]
[Annotator "NA RC"]
[PlyCount "120"]
[EventDate "2024.02.22"]
[EventType "swiss"]
[EventCountry "CZE"]
[SourceTitle "playchess.com"]
[Source "ChessBase"]
[SourceQuality "1"]
[TimeControl "40/5400+30:1800+30"]

1. d4 d5 2. Nc3 e6 3. Bf4 Bb4 4. e3 Nf6 5. Bd3 c5 6. dxc5 {[%emt 0:00:13] D00: 1 d4 d5: Unusual lines.} Nbd7 7. Nge2 {[%emt 0:09:34] 7.Nf3 is the modern continuation.} O-O 8. O-O Bxc5 9. e4 dxe4 10. Nxe4 Be7 $146 ({Predecessor:} 10... Nxe4 11. Bxe4 e5 12. Bd2 f5 13. Bd5+ Kh8 14. b4 Bd6 15. c4 Nf6 16. Bc3 Nxd5 17. Qxd5 {1-0 Gordeev,D (1593)-Gaymaleev,R (1274) RUS Cup U09 final 2019 (5)}) 11. N2c3 Nxe4 12. Nxe4 e5 13. Be3 f5 14. Bc4+ Kh8 15. Nd6 Bxd6 16. Qxd6 f4 17. Bc5 Nxc5 18. Qxc5 Bf5 19. Qxe5 f3 20. g3 Bxc2 21. Rac1 Bg6 22. Rfe1 Qb6 23. Bd5 Rf5 24. Qe6 Qxe6 25. Bxe6 Rb5 26. b3 Ra5 27. b4 Ra4 28. Rc4 Re8 29. Rcc1 Rxb4 30. Bd5 Rxe1+ 31. Rxe1 Bh5 32. Bxf3 Bg6 33. h4 Rb1 34. Kf1 Bd3+ 35. Be2 Bxe2+ 36. Kxe2 Rxe1+ 37. Kxe1 g6 38. Kd2 Kg7 39. g4 Kf6 40. Ke3 h5 41. f3 Ke5 42. a3 b5 43. f4+ Kf6 44. gxh5 gxh5 45. Kd4 Kf5 46. Kc5 Kg4 47. f5 $15 Kxf5 48. Kxb5 Kg4 49. Ka6 Kxh4 50. Kxa7 Kg5 51. Kb8 h4 52. a4 h3 53. a5 h2 54. a6 h1=Q 55. a7 Qh2+ 56. Kb7 Qh7+ 57. Kb8 Qb1+ 58. Ka8 Qe4+ 59. Kb8 Qb4+ 60. Ka8 Qb1 1/2-1/2

[Event "Karel Janecek Open 2024"]
[Site "Prague"]
[Date "2024.03.01"]
[Round "3.1"]
[White "Safarli, Eltaj"]
[Black "Sofronie, Iulian"]
[Result "1/2-1/2"]
[ECO "C55"]
[WhiteElo "2604"]
[BlackElo "2422"]
[Annotator "TA"]
[PlyCount "98"]
[EventDate "2024.02.22"]
[EventType "swiss"]
[EventCountry "CZE"]
[SourceTitle "playchess.com"]
[Source "ChessBase"]
[SourceQuality "1"]
[TimeControl "40/5400+30:1800+30"]

1. e4 e5 2. Nf3 Nc6 3. Bc4 Nf6 4. d3 h6 5. O-O d6 6. a4 g6 7. Nc3 Bg7 8. h3 O-O 9. Be3 Be6 10. Bxe6 fxe6 11. Ne2 {[%emt 0:00:06] White is slightly better.} Nh5 12. c3 d5 13. Nh2 Nf4 14. Nxf4 exf4 15. Bc5 Re8 16. Nf3 (16. Re1 $11) 16... b6 17. Ba3 dxe4 $1 18. dxe4 Qxd1 19. Rfxd1 Rad8 20. Kf1 Kf7 21. Ke2 a6 22. Rac1 {[%emt 0:13:44] The position is equal.} Rxd1 23. Rxd1 Rd8 {[%emt 0:00:03] Prevents Rd7+} 24. Rxd8 Nxd8 $11 {[%emt 0:00:05][%mdl 4096] Endgame. KBN-KBN} 25. Kd3 Nc6 26. b4 Ne5+ 27. Nxe5+ Bxe5 {[%emt 0:00:03] KB-KB} 28. c4 c6 29. b5 cxb5 30. cxb5 axb5 31. axb5 g5 32. Bb4 h5 33. f3 h4 34. Be1 Bc7 35. Kc4 Bd8 36. Bf2 Kf6 37. Bd4+ Kf7 38. Be5 Be7 39. Bd4 Bd8 40. Kd3 Kg6 41. Bf2 Kf6 42. Kd4 Be7 {[%emt 0:00:32] [#] ( -> ...Bc5+)} 43. Kc3 (43. Kd3 $5 Bd8 $8 44. Kd4 $11) 43... Bd8 44. Kc4 Kf7 45. Bd4 Bc7 46. Bh8 Bd8 47. Be5 Kg6 48. Bd6 Kf7 49. Kd4 Bf6+ {[%emt 0:00:00] Weighted Error Value: White=0.06 (flawless) /Black=0.03 (flawless) .  Mistake:       	White=1     	---        Inaccurate:     	---       	Black=1      OK:         	White=15    	Black=20     Strong:       	---       	Black=1} 1/2-1/2

[Event "Karel Janecek Open 2024"]
[Site "Prague"]
[Date "2024.03.01"]
[Round "3.2"]
[White "Neuman, Petr"]
[Black "Sethuraman, S.P."]
[Result "1-0"]
[ECO "B31"]
[WhiteElo "2398"]
[BlackElo "2594"]
[Annotator "TA"]
[PlyCount "79"]
[EventDate "2024.02.22"]
[EventType "swiss"]
[EventCountry "CZE"]
[SourceTitle "playchess.com"]
[Source "ChessBase"]
[SourceQuality "1"]
[TimeControl "40/5400+30:1800+30"]

1. e4 c5 2. Nf3 Nc6 3. Bb5 g6 4. O-O Bg7 5. Bxc6 dxc6 6. d3 Qc7 7. a4 Nf6 8. a5 e5 {[%emt 0:09:09][%cal Oc5c4] The position is equal.} 9. Nbd2 Be6 10. b3 O-O 11. Nc4 Nh5 12. Be3 b6 13. axb6 axb6 14. Qd2 Bg4 15. Ng5 Nf4 {[%emt 0:17:49] White should prevent ...h6.} 16. h3 Bd7 17. Kh2 (17. b4 $11 b5 18. Na5) 17... f6 18. Nf3 b5 19. Na5 (19. Bxc5 $15 bxc4 20. Bxf8 Rxf8 21. bxc4) 19... Ne6 $17 20. b4 cxb4 21. Qxb4 c5 22. Qe1 f5 {[%emt 0:01:03] Strongly threatening ...fxe4.} 23. Bd2 fxe4 24. Qxe4 b4 25. Nb3 Rxa1 26. Rxa1 Bc6 27. Qc4 {[%emt 0:00:06][%csl LRc5,LRe6] [#]} e4+ $1 28. Kg1 {[%emt 0:00:19] [#] Hoping for Ra6.} Qd6 $2 (28... Bxa1 $6 29. Qxe6+ Kh8 30. dxe4 $11) (28... Bd7 $1 $17 29. Ng5 Bxa1 30. Nxa1 (30. Nxe6 $2 Bxe6 31. Qxe6+ Qf7 $19) 30... Qd6 31. Nxe4 Qb6) 29. Ra6 $36 {[%emt 0:02:17][%cal Oa6c6][%mdl 2048] Rxc6! would now be deadly. White has good play.} exf3 30. Nxc5 $1 Re8 (30... Qd5 $142 31. Nxe6 Rc8) 31. Ne4 $16 {[%emt 0:00:36] The board is on fire.} (31. Bxb4 $2 Qd5 (31... fxg2 $2 32. Nxe6 Qxe6 33. Qxc6 $18) 32. Nxe6 Qxc4 (32... Rxe6 $2 33. gxf3 Qxc4 34. dxc4 $19) 33. dxc4 Rxe6 34. gxf3 Bd4 $19) 31... Qe5 (31... Qd5 {was necessary.} 32. Rxc6 Qxc4 33. Rxc4 b3) 32. Qxc6 $18 {[%emt 0:02:18] White is clearly winning.} (32. Rxc6 Qa1+) 32... Nd4 33. Qc4+ Kh8 34. Ng5 {[%emt 0:08:46] Intending Nf7+ and mate.} (34. Qxb4 Ne2+ 35. Kh1 Rb8 $11) 34... Ne2+ (34... Qe7 $142 35. Nf7+ (35. Bxb4 {leads to mate.} Qxg5) (35. Qxb4 Qxb4 36. Bxb4 Nxc2 $16) (35. gxf3 h6 $18) (35. Nxf3 Qe2 $18) 35... Kg8 36. Nd6+ (36. Bxb4 $2 Qxf7 37. Qxf7+ Kxf7 $19) 36... Kh8 37. Nxe8 (37. Qxb4 Rf8 $16) (37. Bxb4 Ne2+ 38. Kh2 fxg2 $18) 37... Ne2+ 38. Kh2 Qe5+ 39. g3 Nxg3) 35. Kh1 Ng3+ 36. fxg3 {[%emt 0:00:09] Threatening mate with Nf7+.} fxg2+ 37. Kg1 $1 {[%emt 0:00:07] White threatens Nf7+ and mate.} Qd4+ 38. Qxd4 $1 ({Inferior is} 38. Kxg2 Re2+ 39. Kh1 Rh2+ 40. Kxh2 Qf2+ 41. Kh1 Qf1+ 42. Kh2 Qf2+ 43. Kh1 Qf1+ 44. Kh2 Qf2+ $11) 38... Bxd4+ 39. Kxg2 h6 40. Ne4 {[%emt 0:00:19] Weighted Error Value: White=0.15 (very precise) /Black=0.47.  Mistake:       	White=2     	Black=4      Inaccurate:     	White=3     	Black=3      OK:         	White=10    	Black=11     Best:        	White=4     	Black=3      Strong:       	White=1     	Black=1} 1-0

[Event "Karel Janecek Open 2024"]
[Site "Prague"]
[Date "2024.03.01"]
[Round "3.3"]
[White "Amar, Elham"]
[Black "Harshavardhan G B"]
[Result "0-1"]
[ECO "B89"]
[WhiteElo "2555"]
[BlackElo "2392"]
[Annotator "RC"]
[PlyCount "178"]
[EventDate "2024.02.22"]
[EventType "swiss"]
[EventCountry "CZE"]
[SourceTitle "playchess.com"]
[Source "ChessBase"]
[SourceQuality "1"]
[TimeControl "40/5400+30:1800+30"]

1. e4 c5 2. Nf3 d6 3. d4 cxd4 4. Nxd4 Nf6 5. Nc3 Nc6 6. Bc4 e6 7. Be3 Bd7 8. Qe2 a6 9. Bb3 b5 10. O-O-O Na5 11. f3 Be7 12. g4 b4 13. Na4 Qc7 14. Kb1 Nxb3 15. axb3 O-O 16. g5 Nh5 17. f4 g6 18. f5 Rfc8 19. Rc1 e5 20. fxg6 fxg6 21. Nf5 Bxa4 22. Nxe7+ Qxe7 23. bxa4 Qb7 24. Bd2 b3 25. Qd3 bxc2+ 26. Rxc2 Rxc2 27. Qxc2 Rc8 28. Qd3 Rb8 29. Qc4+ Kg7 30. Bc3 Rc8 31. Qb4 Qxb4 32. Bxb4 Kf7 33. Bxd6 Ke6 34. Ba3 Rc4 35. Rd1 Rxa4 36. Rd6+ Kf7 37. Rd7+ Kg8 38. Rd8+ Kf7 39. Rf8+ Kg7 40. Ra8 Nf4 41. Bd6 Rxe4 42. Rxa6 Kf7 43. Kc2 Nd5 44. b3 Rg4 45. b4 Nxb4+ 46. Bxb4 Rxb4 47. Ra7+ Ke6 48. Rxh7 Kf5 49. h4 Rd4 50. Kc3 Rd8 51. Rf7+ Kg4 52. Rg7 Rd6 53. Rf7 e4 54. Rf6 Rd3+ 55. Kc2 Kh5 56. Rf4 Rh3 57. Rxe4 Rxh4 58. Re5 Rd4 59. Kc3 Rd8 60. Kc2 Kg4 61. Ra5 Kh4 62. Rb5 Rd4 63. Ra5 Rg4 64. Kd2 Rxg5 65. Ra6 Kg3 66. Ke3 Rg4 67. Rb6 g5 68. Rb5 Kg2 69. Ke2 Rg3 70. Rf5 g4 71. Rg5 Kh2 72. Rh5+ Rh3 73. Rg5 Kg3 74. Rg8 Rh1 75. Rg7 Rg1 76. Rg8 Kh2 77. Rh8+ Kg2 78. Rh7 g3 79. Rh8 Ra1 80. Rh7 Ra8 81. Rh6 Re8+ 82. Kd2 Kf2 83. Rf6+ Kg1 84. Rg6 g2 85. Rh6 Re5 86. Kd3 Kf2 87. Rf6+ Kg3 88. Rg6+ Kf3 89. Rg8 Rf5 0-1

[Event "Karel Janecek Open 2024"]
[Site "Prague"]
[Date "2024.03.01"]
[Round "3.4"]
[White "Ivanov, Mike"]
[Black "Li, Di"]
[Result "0-1"]
[ECO "A34"]
[WhiteElo "2356"]
[BlackElo "2563"]
[Annotator "TA"]
[PlyCount "80"]
[EventDate "2024.02.22"]
[EventType "swiss"]
[EventCountry "CZE"]
[SourceTitle "playchess.com"]
[Source "ChessBase"]
[SourceQuality "1"]
[TimeControl "40/5400+30:1800+30"]

1. Nf3 c5 2. c4 Nc6 3. Nc3 e5 4. e3 Nf6 5. d4 e4 6. Ne5 h5 7. a3 g6 8. Be2 {[%emt 0:06:37] The position is equal.} Bg7 9. Nxc6 dxc6 10. dxc5 Qxd1+ 11. Bxd1 Bf5 12. Bc2 O-O-O 13. Bd2 Ng4 14. Rd1 Ne5 15. Bxe4 Be6 16. b3 Nd3+ 17. Ke2 {[%emt 0:16:49] White is on the road to losing.} (17. Bxd3 $1 $11 {was the only way to keep the balance.} Rxd3 18. Ne4) 17... Nxc5 $17 {[%emt 0:01:10] Black is much more active.} 18. Bc2 {[%emt 0:00:07] [#]} Rxd2+ $1 19. Kxd2 {[%emt 0:00:12] Hoping for Ne2.} Rd8+ 20. Ke2 Bxc3 21. Rxd8+ Kxd8 22. f3 (22. e4 $17 {is a better defense.}) 22... a5 $19 23. Kf2 Bb2 24. b4 Na6 25. b5 Nc5 26. Rd1+ Kc7 27. b6+ Kc8 28. a4 Nd7 ({But not} 28... Bxc4 29. Rb1 Bf6 30. f4 $19) 29. f4 Nxb6 30. Rb1 Nxc4 31. Bb3 Bf6 32. e4 Kc7 33. Rc1 b5 34. f5 gxf5 35. exf5 Bd5 36. Re1 Nb2 37. Bc2 {[%emt 0:00:32] Against Nd3+} bxa4 38. Be4 a3 {[%emt 0:00:27] [#] ( -> ...Bxe4)} 39. Kf3 Nd3 40. Rd1 Bxe4+ {[%emt 0:00:19] Weighted Error Value: White=0.81/Black=0.03 (flawless) .  Mistake:       	White=2     	---        Inaccurate:     	White=2     	---        OK:         	White=7     	Black=16     Best:        	White=2     	Black=4      Brilliant:      	---       	Black=1} 0-1